 Dungeon Crawl Stone Soup version 0.30.0-15-g856e2d3f33 (webtiles) character file.

Game seed: 984240857627196155

98 qw the Chopper (level 4, 0/28 HPs)
             Began as a Gargoyle Fighter on May 18, 2023.
             Slain by a gnoll
             ... wielding a +0 spear
              (6 damage)
             ... on level 2 of the Dungeon.
             The game lasted 00:14:36 (1241 turns).

qw the Chopper (Gargoyle Fighter)                   Turns: 1241, Time: 00:14:36

Health: 0/28       AC: 11    Str: 28    XL:     4   Next: 69%
Magic:  0/4        EV:  9    Int:  8    God:
Gold:   73         SH:  4    Dex:  9    Spells: 3/3 levels left

rFire   . . .        Y - +0 war axe
rCold   . . .        c - +0 buckler
rNeg    + . .        b - +0 scale mail
rPois   inf          (no helmet)
rElec   +            (no cloak)
rCorr   .            (no gloves)
SInv    .            i - +0 pair of boots
Will    .....        f - amulet of guardian spirit Stlth
                     g - +6 ring of strength
HPRegen 0.24/turn    (no ring)
MPRegen 0.09/turn

%: guardian spirit
@: no status effects
A: sickness immunity, AC +3, negative energy resistance 1, electricity
resistance, torment resistance 1, petrification resistance
a: no special abilities


You were on level 2 of the Dungeon.
You visited 1 branch of the dungeon, and saw 2 of its levels.

You collected 73 gold pieces.


Innate Abilities, Weirdness & Mutations

You are immune to sickness and miasma.
Your stone body is resilient. (AC +3)
You are immune to poison.
You resist negative energy. (rN+)
You are resistant to electric shocks. (rElec)
You are resistant to unholy torment.
You are immune to petrification.


   Skills:
 - Level 3.2 Fighting
 + Level 4.3 Axes
 - Level 3.2 Armour
 - Level 3.2 Shields


You had 3 spell levels left.
You didn't know any spells.
Your spell library was empty.

Inventory:

Hand Weapons
 k - a -1 whip
 Y - a +0 war axe (weapon)
Armour
 b - a +0 scale mail (worn)
 c - a +0 buckler (worn)
 i - a +0 pair of boots (worn)
Jewellery
 f - an amulet of guardian spirit (around neck)
 g - a +6 ring of strength (left hand)
Scrolls
 j - 2 scrolls of identify
Potions
 d - a potion of might
 e - a potion of curing {unknown}
 h - a potion of flight {unknown}
 l - a potion of brilliance {unknown}
 m - a potion of degeneration {unknown}

Dungeon Overview and Level Annotations

Branches:
Dungeon (2/15)

Altars:
Sif Muna

Annotations:
D:2 exclusion: gnoll


Message History

The gnoll hits you but does no damage.
1241 ||| Propagating distance map at 23,7 (stone_stairs_up_i)
1241 ||| Propagating distance map at 27,1 (stone_stairs_up_ii)
1241 ||| Ran quit: false
1241 ||| Ran try_ancestor_identity: false
1241 ||| Ran join_beogh: false;
1241 ||| Ran shop: false
1241 ||| Ran pick_up_abyssal_rune: false
1241 ||| Ran lugonu_exit_abyss: false;
1241 ||| Ran exit_abyss: false
1241 ||| Ran stairdance_up: false
1241 ||| Ran special_purification: false
1241 ||| Ran cure_confusion: false;
1241 ||| Ran coward_step: false
1241 ||| Ran flee_step: false
1241 ||| Ran remove_terrible_jewellery: false
1241 ||| Ran teleport: false;
1241 ||| Ran cure_bad_poison: false
1241 ||| Ran cancellation: false;
1241 ||| Ran drain_life: false
1241 ||| Ran heal_wounds: false;
1241 ||| Ran tomb2_arrival: false
1241 ||| Ran tomb3_arrival: false;
1241 ||| Ran cloud_step: false
1241 ||| Ran trogs_hand: false;
1241 ||| Ran haste: false
1241 ||| Ran resistance: false;
1241 ||| Ran magic_points: false
1241 ||| Ran wait_confusion: false;
1241 ||| Ran heroism: false
1241 ||| Ran try_cleansing_flame: false;
1241 ||| Ran brothers_in_arms: false
1241 ||| Ran greater_servant: false;
1241 ||| Ran divine_warrior: false
1241 ||| Ran try_apocalypse: false;
1241 ||| Ran try_slouch: false
1241 ||| Ran try_hydra_destruction: false
1241 ||| Ran grand_finale: false;
1241 ||| Ran wield_weapon: false
1241 ||| Ran swap_weapon: false;
1241 ||| Ran water_step: false
1241 ||| Ran wall_step: false;
1241 ||| Ran zig_fog: false
1241 ||| Ran finesse: false;
1241 ||| Ran fiery_armour: false
1241 ||| Ran try_dig_grate: false;
1241 ||| Ran might: false
1241 ||| Ran blinking: false;
1241 ||| Ran berserk: false
1241 ||| Ran continue_flee: false;
1241 ||| Ran other_step: false
1241 ||| Ran recall: false;
1241 ||| Ran try_recall_ancestor: false
1241 ||| Ran try_recite: false;
1241 ||| Ran emergency: false
1241 ||| Ran starting_spell: false;
1241 ||| Ran poison_spit: false
1241 ||| Ran melee: false;
1241 ||| Ran throw: false
1241 ||| Ran wait_for_enemy: false
1241 ||| Ran continue_move_towards_enemy: false
1241 ||| Ran move_towards_enemy: true;
1241 ||| Ran attack: nil The gnoll hits you with a +0 spear.
You die...

##~~~~~~ ~~~~~###8..8# ~~~~~~~~
~~~~~~g~~~8..8# ~~~~~~~~
~~~~~~~~~~..~#### ~~~~~~~###
~~~~~~~~~..~~~~#### ~~~~#....#
...~~~~~~..~~~~~~~### ~~##...#.#
##.###~~~..~~~~~~~~~~ ####...#.#
#.......~..~~~~~~~~~~ # #..)..#
#.)#)g#.8..8.~~~~~~~~
####..#..##.#...@.#.8..8.###~~~~~
......#..##.#.....#.%........#...
.####.#..##.#.._..#........#.#.##
......#.....#.....#....#...#.#.#
########.#........#.####...#.#.#
#..^...#...#.#......#.#.#
#..............####.....##
#......###.#.#..##........
#......# #.#(#...#..#.#...


You could see a gnoll.

Vanquished Creatures
  7 gnolls
  3 bats (D:2)
  9 endoplasms
  A giant cockroach (D:2)
  A goblin (D:1)
  3 hobgoblins
  A quokka (D:1)
  3 kobolds
  A rat (D:1)
29 creatures vanquished.

Notes
Turn   | Place    | Note
-------+----------+-------------------------------------------
     0 | D:1      | qw the Gargoyle Fighter began the quest for the Orb.
     0 | D:1      | Reached XP level 1. HP: 14/14 MP: 1/1
     0 | D:1      | 0 ||| qw: Version: 0.2-a-96-g08746bd
     0 | D:1      | 0 ||| qw: Game counter: 77
     0 | D:1      | 0 ||| qw: Always use a shield: true
     0 | D:1      | 0 ||| qw: God list: Okawaru
     0 | D:1      | 0 ||| qw: Allow faded altars: false
     0 | D:1      | 0 ||| qw: Do Orc after D:15 true
     0 | D:1      | 0 ||| qw: Do second Lair branch before Depths: true
     0 | D:1      | 0 ||| qw: Lair rune preference: random
     0 | D:1      | 0 ||| qw: Plans: Normal, Zot:1-4, God:TSO, Crypt, Tomb,
                  | Pan, Slime:5, Hells, Abyss, Win
     0 | D:1      | 0 ||| PLANNING D:1-11
    59 | D:1      | 59 ||| READING scroll labelled GEFOCE BASCHETO.
   105 | D:1      | Reached skill level 2 in Axes
   335 | D:1      | Reached XP level 2. HP: 19/19 MP: 2/2
   533 | D:1      | Reached skill level 3 in Axes
   583 | D:1      | 583 ||| UPGRADING to amulet of guardian spirit.
   588 | D:1      | 588 ||| UPGRADING to +6 ring of strength.
   589 | D:1      | 589 ||| READING scroll labelled CAALLUMIUF.
   690 | D:1      | 690 ||| READING scroll labelled HEUSHE KYPRU.
   694 | D:1      | 694 ||| READING scroll labelled FEMUXOUSUNT.
   695 | D:1      | 695 ||| Stepping randomly (stuck).
   696 | D:1      | 696 ||| Stepping randomly (stuck).
   697 | D:1      | 697 ||| Stepping randomly (stuck).
   698 | D:1      | 698 ||| Stepping randomly (stuck).
   699 | D:1      | 699 ||| Stepping randomly (stuck).
   700 | D:1      | 700 ||| Stepping randomly (stuck).
   701 | D:1      | 701 ||| Stepping randomly (stuck).
   702 | D:1      | 702 ||| Stepping randomly (stuck).
   703 | D:1      | 703 ||| Stepping randomly (stuck).
   704 | D:1      | 704 ||| Stepping randomly (stuck).
   705 | D:1      | 705 ||| PLANNING D:1-11
   705 | D:1      | 705 ||| Stepping randomly (stuck).
   719 | D:1      | 719 ||| PLANNING D:1-11
   720 | D:1      | 720 ||| Stepping randomly (stuck).
   721 | D:1      | 721 ||| Stepping randomly (stuck).
   722 | D:1      | 722 ||| Stepping randomly (stuck).
   723 | D:1      | 723 ||| Stepping randomly (stuck).
   724 | D:1      | 724 ||| PLANNING D:1-11
   724 | D:1      | 724 ||| PLANNING D:1-11
   777 | D:2      | Reached XP level 3. HP: 23/23 MP: 3/3
   790 | D:2      | Found a shimmering blue altar of Sif Muna.
   822 | D:2      | Found a faded altar of an unknown god.
   831 | D:2      | 831 ||| DROPPING +0 club.
   932 | D:2      | HP: 3/23 [gnoll/+0 spear (3)]
   932 | D:2      | HP: 1/23 [gnoll/+0 whip (2)]
   933 | D:2      | 933 ||| READING scroll of teleportation.
   937 | D:2      | Reached XP level 4. HP: 3/28 MP: 0/4
  1228 | D:2      | 1228 ||| UPGRADING to +0 pair of boots.
  1235 | D:2      | Reached skill level 4 in Axes
  1238 | D:2      | HP: 6/28 [gnoll/+0 spear (2)]
  1241 | D:2      | Slain by a gnoll

Levels and vault maps discovered:
D:1:      erik_arrival_cave_to_civilisation [erik_arrival_cave_to_hall],
          layout_rooms, minivault_11, hangedman_decor_points
D:2:      wander_river, layout_basic, ebering_ecumenical_altar_rust, basic_altar

Skill      XL: |  1  2  3  4 |
---------------+-------------+-----
Axes           | 2 3 4 |  4.3
Fighting       | |  3.2
Armour         | |  3.2
Shields        | |  3.2

Action                     |  1- 3 |  4- 6 || total
---------------------------+-------+-------++-------
  Melee: War axe           |    54 |    10 ||    64
    Use: Scroll            |     5 |       ||     5
 Armour: Scale mail        |    23 |     5 ||    28
  Dodge: Dodged            |    17 |     6 ||    23
  Block: Buckler           |     7 |     3 ||    10

Table legend:
 A = Non-vault XP
 B = Vault XP
 C = Vault XP percentage of total XP
 D = Non-vault monster count
 E = Vault monster count
 F = Vault count percentage of total count
                 A         B        C        D         E       F
            +---------+---------+-------+---------+---------+-------
      Total |     136 |       4 |   2.9 |      27 |       2 |   6.9
            +---------+---------+-------+---------+---------+-------
        D:1 |      28 |       4 |  12.5 |       9 |       2 |  18.2
        D:2 |     108 |       0 |   0.0 |      18 |       0 |   0.0
            +---------+---------+-------+---------+---------+-------
